 Dungeon Crawl Stone Soup version 0.20.1-1-g8b1a95d (webtiles) character file.

60 ReignOfFire the Slasher (level 3, -3/28 HPs)
             Began as a Demonspawn Gladiator on July 28, 2017.
             Slain by an iron imp (8 damage)
             ... summoned by Natasha
             ... on level 2 of the Dungeon.
             The game lasted 00:01:41 (1490 turns).

ReignOfFire the Slasher (Demonspawn Gladiator)      Turns: 1490, Time: 00:01:42

Health: -3/28      AC:  6    Str: 14    XL:     3   Next: 82%
Magic:  3/3        EV: 11    Int:  9    God:
Gold:   45         SH:  0    Dex: 15    Spells: 2/2 levels left

rFire    . . .     SeeInvis .   a - +0 long sword
rCold    . . .     Gourm    .   (no shield)
rNeg     . . .     Faith    .   n - +0 scale mail
rPois    .         Spirit   .   (helmet restricted)
rElec    .         Reflect  .   (no cloak)
rCorr    .         Harm     .   (no gloves)
MR       .....                  (no boots)
Stlth    ..........             (no amulet)
Regen    0.1/turn               (no ring)
MPRegen  0.1/turn               (no ring)

@: slowed, very slow
A: antennae 1, sturdy frame 1
a: no special abilities


You were on level 2 of the Dungeon.
You were not hungry.

You visited 1 branch of the dungeon, and saw 2 of its levels.

You collected 45 gold pieces.

Inventory:

Hand Weapons
 a - a +0 long sword (weapon)
Missiles
 d - 3 throwing nets (quivered)
Armour
 b - a +0 leather armour
 c - a +0 helmet
 n - a +0 scale mail (worn)
Jewellery
 k - an uncursed ring of flight {unknown}
Scrolls
 e - a scroll of identify {unknown}
 h - a scroll of amnesia {unknown}
 j - a scroll of teleportation {unknown}
 l - a scroll of remove curse {unknown}
Potions
 g - a potion of curing {unknown}
Comestibles
 f - 2 bread rations
 i - 5 chunks of flesh
 m - a royal jelly


   Skills:
 + Level 2.4 Fighting
 + Level 3.5 Long Blades
 + Level 1.9 Throwing
 + Level 0.6 Armour
 + Level 3.1 Dodging


You had 2 spell levels left.
You didn't know any spells.

Dungeon Overview and Level Annotations

Branches:
Dungeon (2/15)

Altars:

Annotations:
D:2 Natasha


Innate Abilities, Weirdness & Mutations

You have a pair of small antennae on your head.
Your movements are slightly less encumbered by armour. (ER -2)


Message History

You are too injured to fight recklessly!
You are too injured to fight recklessly!
You are too injured to fight recklessly!
You are too injured to fight recklessly!
You are too injured to fight recklessly!
You are too injured to fight recklessly!
You are too injured to fight recklessly!
You are too injured to fight recklessly!
You are too injured to fight recklessly!
You are too injured to fight recklessly!
You are too injured to fight recklessly!
You are too injured to fight recklessly!
You are too injured to fight recklessly!
Unknown command.
You closely miss Natasha.
Natasha is heavily wounded.
Natasha claws you!
* * * LOW HITPOINT WARNING * * *
The iron imp hits you!
You die...

#......#...#########
....##..#...........#
...# ##.#............
... #.#............
....###..............
.......#............
....#.##.......#....
.....^.......###....
.......@###.## ...
......5h.##.#
..........=..
.............#
...............
.........######
.......... .....(....


You could see an iron imp and Natasha.

Vanquished Creatures
  2 adders (D:2)
  2 dart slugs (D:2)
  3 leopard geckos
  6 goblins (D:1)
  5 hobgoblins
  4 jackals (D:1)
  3 bats (D:1)
  3 kobolds (D:1)
  6 rats
34 creatures vanquished.

Notes
Turn   | Place    | Note
-------+----------+-------------------------------------------
     0 | D:1      | ReignOfFire the Demonspawn Gladiator began the quest for the Orb.
     0 | D:1      | Reached XP level 1. HP: 16/16 MP: 1/1
   129 | D:1      | Gained mutation: Your movements are slightly less encumbered by armour. (ER -2) [demonic ancestry]
   129 | D:1      | Reached XP level 2. HP: 13/22 MP: 2/2
   922 | D:1      | Gained mutation: You have a pair of small antennae on your head. [demonic ancestry]
   922 | D:1      | Reached XP level 3. HP: 28/28 MP: 3/3
  1483 | D:2      | Noticed Natasha
  1490 | D:2      | Slain by an iron imp

Skill      XL: |  1  2 |
---------------+-------+-----
Long Blades    | 3 |  3.5
Dodging        | 3 |  3.1
Fighting       | |  2.4
Throwing       | |  1.9
Armour         | |  0.6

Action                   || total
-------------------------++-------
Melee: Long sword        ||   108
  Eat: Chunk             ||     2
Armor: Leather armour    ||    29
       Scale mail        ||    20
Dodge: Dodged            ||   102
       Rpst.: Long sword ||    38
